 Dungeon Crawl Stone Soup version 0.29-a0-451-gfbfa42419e (webtiles) character file.

Game seed: 9491271946509473338

9 acebull12 the Ducker (level 2, -4/22 HPs)
             Began as a Demonspawn Gladiator on May 19, 2022.
             Slain by a kobold
             ... wielding a +2 whip of electrocution
              (5 damage)
             ... on level 1 of the Dungeon.
             The game lasted 00:00:26 (367 turns).

acebull12 the Ducker (Demonspawn Gladiator)          Turns: 367, Time: 00:00:27

Health: -4/22      AC:  4    Str: 14    XL:     2   Next: 3%
Magic:  2/2        EV: 12    Int:  9    God:
Gold:   28         SH:  0    Dex: 14    Spells: 1/1 levels left

rFire   . . .      SeeInvis .   a - +0 long sword
rCold   . . .      Faith    .   (no shield)
rNeg    . . .      Spirit   .   b - +0 leather armour
rPois   .          Reflect  .   c - +0 helmet
rElec   .          Harm     .   (no cloak)
rCorr   .          Rampage  .   (no gloves)
Will    .....                   (no boots)
Stlth   +.........              (no amulet)
HPRegen 0.07/turn               (no ring)
MPRegen 0.16/turn               (no ring)

@: no status effects
A: magic regeneration
a: no special abilities


You were on level 1 of the Dungeon.
You visited 1 branch of the dungeon, and saw 1 of its levels.

You collected 28 gold pieces.

Inventory:

Hand Weapons
 a - a +0 long sword (weapon)
Missiles
 d - 3 throwing nets (quivered)
 e - a javelin
Armour
 b - a +0 leather armour (worn)
 c - a +0 helmet (worn)


   Skills:
 * Level 2.0 Fighting
 * Level 2.9 Long Blades
 - Level 1.7 Throwing
 + Level 3.0 Dodging


You had one spell level left.
You didn't know any spells.
Your spell library was empty.

Dungeon Overview and Level Annotations

Branches:
Dungeon (1/15)

Altars:


Innate Abilities, Weirdness & Mutations

You regenerate magic rapidly.


Message History

There is an open door here.
There is an open door here.
You see here a jackal skeleton.
A ball python comes into view.
The ball python hisses angrily.
A ball python is nearby!
A giant cockroach comes into view.
The giant cockroach moves out of view.
You slash the ball python!
You kill the ball python!
You see here a ball python corpse.
The giant cockroach bites you but does no damage.
You closely miss the giant cockroach.
The giant cockroach barely misses you. x2
You slash the giant cockroach!
You kill the giant cockroach!
You have reached level 2!
Your demonic ancestry asserts itself...
Your magic begins to regenerate rapidly.
You see here a giant cockroach corpse.
You now have 28 gold pieces (gained 12).
A kobold comes into view.
It is wielding a +2 whip of electrocution.
The kobold shouts!
A rat comes into view.
The kobold misses you.
You closely miss the kobold. The kobold barely misses you.
The kobold closely misses you.
You hit the kobold but do no damage.
The kobold hits you with a +2 whip of electrocution.
You are electrocuted!
Ouch! That really hurt!
* * * LOW HITPOINT WARNING * * *
The rat misses you.
You are too injured to fight recklessly!
You are too injured to fight recklessly!
The rat bites you.
* * * LOW HITPOINT WARNING * * *
You hit the kobold.
The kobold is moderately wounded.
The kobold hits you with a +2 whip of electrocution.
You die...

...8♣..∩.∩♣♣♣§#
##.○.♣♣♣(.♣♣☼§####
##.#♣♣...♣§§♣#☼.○#
##....♣♣.♣♣###.#.#
.#..#.#..# #.#.#
.#..#...## #.#.#
.#..###.# #.#.#
.#..#...# #.#.#
.#..#.### #.#@#
.#......# #.#K#
....#.#.# #..r#
#####.#.# #......#
....#.#.# #.##.#..
###.#.#.# #
#.###.. ....#.#..
..# #.# #####.###
#.# .. ......# #.
###


You could see a kobold and a rat.

Vanquished Creatures
  An endoplasm (D:1)
  A giant cockroach (D:1)
  4 jackals (D:1)
  A ball python (D:1)
7 creatures vanquished.

Notes
Turn   | Place    | Note
-------+----------+-------------------------------------------
     0 | D:1      | acebull12 the Demonspawn Gladiator began the quest for the
                  | Orb.
     0 | D:1      | Reached XP level 1. HP: 16/16 MP: 1/1
    92 | D:1      | Reached skill level 3 in Dodging
   293 | D:1      | Gained mutation: You regenerate magic rapidly. [demonic
                  | ancestry]
   293 | D:1      | Reached XP level 2. HP: 22/22 MP: 2/2
   365 | D:1      | HP: 1/22 [rat (2)]
   367 | D:1      | Slain by a kobold

Illustrated notes

Levels and vault maps discovered:
D:1:      heliophobic_arrival_enchanted_forest, layout_basic,
          hellmonk_ecumenical_altar_the_god_not_taken, minmay_tripent

Skill      XL: |  1 |
---------------+----+-----
Dodging        | 3 |  3.0
Fighting       | |  2.0
Long Blades    | |  2.9
Throwing       | |  1.7

Action                   || total
-------------------------++-------
Melee: Long sword        ||    28
Armor: Leather armour    ||    16
Dodge: Dodged            ||    25

Table legend: (Time is in decaauts)
 A = Elapsed time spent in this place.
 B = Non-inter-level travel time spent in this place.
 C = Inter-level travel time spent in this place.
 D = Time resting spent in this place.
 E = Time spent auto-exploring this place.
 F = Levels seen in this place.
 G = Mean time per level.
                   A        B        C        D        E       F      G
               +--------+--------+--------+--------+--------+-----+--------+
         Total |    374 |    374 |      0 |      0 |    320 |   1 |  374.0 |
       Dungeon |    374 |    374 |      0 |      0 |    320 |   1 |  374.0 |
               +--------+--------+--------+--------+--------+-----+--------+

Top non-repeatable levels by time:
     D:1: 374 daAuts
